 Dungeon Crawl Stone Soup version 0.29.0-10-g45618ea6d2 (webtiles) character file.

Game seed: 5122825072354265060

7639 ketsa the Destroyer (level 10, 0/50 HPs)
             Began as a Deep Elf Conjurer on Sept 1, 2022.
             Was a Believer of Vehumet.
             Shot with a bolt by an orc warlord (14 damage)
             ... on level 1 of the Orcish Mines.
             The game lasted 00:56:36 (13509 turns).

ketsa the Destroyer (Deep Elf Conjurer)            Turns: 13509, Time: 00:56:36

Health: 0/50       AC: 11    Str:  4    XL:     10   Next: 98%
Magic:  27/36      EV: 13    Int: 28    God:    Vehumet [**....]
Gold:   755        SH:  0    Dex: 13    Spells: 18/32 levels left

rFire   . . .      SeeInvis .   J - staff of poison
rCold   . . .      Faith    .   (no shield)
rNeg    + . .      Spirit   .   F - +2 robe {rN+}
rPois   +          Reflect  .   (no helmet)
rElec   .          Harm     .   k - +1 cloak
rCorr   .          Rampage  .   U - +0 pair of gloves
Will    ++...                   (no boots)
Stlth   +++.......              (no amulet)
HPRegen 0.16/turn               s - +4 ring of protection
MPRegen 0.25/turn               W - ring "Optuogub" {Will+ MP+9}

@: studying Ranged Weapons
A: no striking features
a: Renounce Religion


You were on level 1 of the Orcish Mines.
You worshipped Vehumet.
Vehumet was pleased with you.
You visited 3 branches of the dungeon, and saw 13 of its levels.

You collected 755 gold pieces.

Inventory:

Hand Weapons
 e - a +2 dagger of venom
 G - a +1 whip of freezing
 S - a +4 short sword
Missiles
 d - 31 poisoned darts
 q - 2 atropa-tipped darts
 x - 15 boomerangs
 I - 6 curare-tipped darts
 M - a throwing net
Armour
 k - a +1 cloak (worn)
 l - an orb of guile
 F - a +2 robe of positive energy (worn)
 U - a +0 pair of gloves (worn)
Magical Staves
 J - a staff of poison (weapon)
Jewellery
 s - a +4 ring of protection (left hand)
 A - a ring of protection from fire
 Q - a ring of willpower
 W - the ring "Optuogub" (right hand) {Will+ MP+9}
   (You found it on level 10 of the Dungeon)

   [ring of magical power]

   MP:        It affects your magic capacity (+9).
   Will:      It increases your willpower.
Wands
 a - a wand of flame (5)
 o - a wand of mindburst (8)
 y - a wand of paralysis (10)
 O - a wand of polymorph (6)
 T - a wand of roots (4)
Scrolls
 c - 3 scrolls of immolation
 f - a scroll of enchant weapon
 i - 5 scrolls of teleportation
 j - a scroll of acquirement {unknown}
 m - 3 scrolls of fog {unknown}
 n - 2 scrolls of magic mapping
 r - a scroll of brand weapon {unknown}
 u - 2 scrolls of amnesia
 v - a scroll of torment {unknown}
 H - 2 scrolls of fear {unknown}
 K - a scroll of poison {unknown}
 L - 2 scrolls of enchant armour
 N - a scroll of summoning {unknown}
 P - 2 scrolls of noise
Potions
 b - 3 potions of magic
 g - 2 potions of attraction
 h - 5 potions of curing
 p - a potion of berserk rage
 t - 2 potions of flight
 w - 2 potions of lignification
 z - 3 potions of might
 B - a potion of haste
 C - a potion of heal wounds
 D - a potion of brilliance
 E - 3 potions of mutation
 V - 2 potions of ambrosia {unknown}
 X - 2 potions of resistance {unknown}
Miscellaneous
 R - a box of beasts


   Skills:
 * Level 5.0 Dodging
 * Level 5.3 Stealth
 - Level 11.8 Spellcasting
 - Level 12.5 Conjurations
 - Level 8.0 Hexes
 - Level 5.0 Translocations
 + Level 2.2 Evocations


You had 18 spell levels left.
You knew the following spells:

 Your Spells              Type           Power      Damage    Failure   Level
a - Magic Dart            Conj           100%       1d8       1%          1
b - Searing Ray           Conj           100%       2d8       1%          2
c - Dazzling Flash        Conj/Hex       100%       N/A       1%          3
d - Fulminant Prism       Conj/Hex       32%        3d16      1%          4
e - Iskenderun's Mystic   Conj/Tloc      60%        2d13      1%          4

Your spell library contained the following spells:

 Spells                   Type           Power      Damage    Failure   Level
 Scorch                   Fire           32%        2d7       4%          2
 Apportation              Tloc           88%        N/A       1%          1
 Conjure Flame            Conj/Fire      51%        6-21      1%          3
 Mephitic Cloud           Conj/Pois/Air  56%        N/A       1%          3
 Portal Projectile        Hex/Tloc       100%       N/A       1%          3
 Tukima's Dance           Hex            57%        N/A       1%          3
 Sticky Flame             Conj/Fire      51%        2d7       2%          4
 Call Imp                 Summ           16%        N/A       4%          2
 Ignite Poison            Fire/Tmut/Pois 24%        N/A       10%         3
 Conjure Ball Lightning   Conj/Air       25%        3x3d7     36%         6
 Alistair's Intoxication  Tmut/Pois      16%        N/A       67%         5
 Blade Hands              Tmut           8%         N/A       67%         5
 Discord                  Hex            28%        N/A       100%        8
 Disjunction              Tloc           22%        N/A       100%        8


Dungeon Overview and Level Annotations

Branches:
Dungeon (11/15)            Temple (1/1) D:6            Lair (0/5) D:8
    Orc (1/2) D:11

Altars:
Ashenzari
Cheibriados
Dithmenos
Elyvilon
Fedhas
Gozag
Hepliaklqana
Kikubaaqudgha
Makhleb
Nemelex Xobeh
Okawaru
Qazlal
Ru
Sif Muna
Trog
Uskayaw
Vehumet
Wu Jian
Xom
Yredelemnul
Zin
The Shining One

Shops:
D:4 :   D:9 =   D:10 [:

Annotations:
D:4 exclusion: phantom, Eustachio
D:7 exclusions: downstairs and 2 killer bees


Message History

Your fulminant prism crackles loudly.
A warg comes into view.
The orc hits something with a +0 club.
An orc warrior comes into view. It is wielding a +0 hand axe.
You hear an explosion!
The blast of energy engulfs the orc!!
You kill the orc!
Vehumet accepts your kill.
You feel your power returning.
The blast of energy engulfs the orc!!
You kill the orc!
Vehumet accepts your kill. x2
You feel your power returning.
You feel a bit more experienced.
The blast of energy engulfs the orc warrior.
The orc warrior is lightly wounded.
The blast of energy engulfs the warg!!
The warg is almost dead.
The blast of energy engulfs the orc!
You kill the orc!
Vehumet accepts your kill.
You feel your power returning.
The blast of energy engulfs the orc!!
You kill the orc!
Vehumet accepts your kill. x2
You feel your power returning.
You feel a bit more experienced.
You hear a shout! x2
Things that are here:
a +0 flail; a +0 scale mail; an orc corpse
Casting: Fulminant Prism (dangerous; 1% risk of failure)
Confirm with . or Enter, or press ? or * to list all spells.
Aiming: Fulminant Prism (dangerous; 1% risk of failure)
Press: ? - help, Dir - move target You conjure a prism of explosive energy!
A fulminant prism comes into view.
The orc warlord shoots a bolt.
The bolt hits you!!!
Ouch! That really hurt!
* * * LOW HITPOINT WARNING * * *
Your fulminant prism crackles loudly.
There is a staircase back to the Dungeon, spattered with blood here.
The warg bites your fulminant prism!
The orc warlord shoots a bolt.
The bolt hits you!
You die...

...))o.
#.......
##..^)o)..
##.#...o...
#...))*h...
#......>..
##.#.......
#.).#......
##@##....##
### ..##
###


You could see an orc warlord, a warg, an orc warrior (strong, ally target) and a
friendly fulminant prism.

Vanquished Creatures
  A two-headed ogre (D:9)
  Pikel (D:5)
  5 yaks (D:8)
  5 wyverns
  A vampire mosquito (D:5)
  5 water moccasins
  5 orc warriors
  3 ice beasts
  2 black bears
  A sky beast (D:8)
  An ogre (D:5)
  2 lemures (D:5)
  3 centaurs
  5 kobold brigands
  2 necrophages
  A gnoll sergeant (D:10)
  A bullfrog (D:8)
  4 scorpions
  5 wights (D:6)
  16 killer bees
  An electric eel (D:10)
  2 howler monkeys
  2 hounds (D:7)
  4 jellies
  2 gnoll boudas
  8 orc priests
  5 iguanas
  12 orc wizards
  11 gnolls
  5 adders
  2 shadow imps
  2 white imps
  An ufetubus (D:4)
  3 worms
  4 dart slugs
  47 orcs
  3 ball pythons
  5 endoplasms
  3 giant cockroaches
  5 hobgoblins
  5 jackals
  4 quokkas
  5 bats
  A frilled lizard (D:1)
  3 goblins
  27 kobolds
  2 rats
243 creatures vanquished.

Vanquished Creatures (others)
  A human (D:9)
  76 fulminant prisms
  2 fungi (D:8)
  27 plants (D:8)
106 creatures vanquished.

Grand Total: 349 creatures vanquished

Notes
Turn   | Place    | Note
-------+----------+-------------------------------------------
     0 | D:1      | ketsa the Deep Elf Conjurer began the quest for the Orb.
     0 | D:1      | Reached XP level 1. HP: 10/10 MP: 6/6
   637 | D:1      | Reached XP level 2. HP: 15/15 MP: 1/8
   813 | D:1      | Found a faded altar of an unknown god.
  1551 | D:2      | Reached skill level 5 in Conjurations
  1602 | D:2      | Reached XP level 3. HP: 19/19 MP: 6/10
  1752 | D:2      | Learned a level 2 spell: Searing Ray
  2835 | D:3      | Found a broken altar of Ashenzari.
  3006 | D:3      | Reached XP level 4. HP: 24/24 MP: 4/12
  3486 | D:4      | Found an ornate altar of the Wu Jian Council.
  3598 | D:4      | Noticed a phantom
  3612 | D:4      | Found a sparkling altar of Nemelex Xobeh.
  3613 | D:4      | Found a shimmering blue altar of Sif Muna.
  3767 | D:4      | Found a shadowy altar of Dithmenos.
  3772 | D:4      | Learned a level 3 spell: Dazzling Flash
  3782 | D:4      | Reached skill level 6 in Conjurations
  3782 | D:4      | Reached skill level 1 in Hexes
  3964 | D:4      | Noticed Eustachio
  3964 | D:4      | Noticed a black bear
  3995 | D:4      | Killed a black bear
  3996 | D:4      | Reached XP level 5. HP: 28/28 MP: 5/14
  4072 | D:4      | Found Kymoog's Book Shop.
  4137 | D:4      | Reached skill level 5 in Spellcasting
  4283 | D:4      | Reached XP level 6. HP: 22/32 MP: 4/15
  4393 | D:4      | Learned a level 4 spell: Fulminant Prism
  4784 | D:5      | Entered Level 5 of the Dungeon
  4784 | D:5      | Found a glowing golden altar of the Shining One.
  4882 | D:5      | Noticed a water moccasin
  4926 | D:5      | Reached skill level 7 in Conjurations
  5326 | D:5      | Noticed an ice beast
  5348 | D:5      | Killed an ice beast
  5349 | D:5      | Reached XP level 7. HP: 36/36 MP: 8/17
  5570 | D:5      | Reached skill level 8 in Conjurations
  5947 | D:5      | Reached skill level 5 in Hexes
  5947 | D:5      | Reached XP level 8. HP: 41/41 MP: 8/20
  6070 | D:5      | Reached skill level 9 in Conjurations
  6112 | D:5      | Noticed Pikel
  6118 | D:5      | Killed Pikel
  6119 | D:5      | Reached skill level 10 in Conjurations
  6579 | D:6      | Found a sacrificial altar of Ru.
  6939 | D:6      | Learned a level 4 spell: Iskenderun's Mystic Blast
  7179 | D:6      | Reached XP level 9. HP: 45/45 MP: 11/23
  7183 | D:6      | Reached skill level 1 in Translocations
  7320 | D:6      | Found a staircase to the Ecumenical Temple.
  7328 | Temple   | Entered the Ecumenical Temple
  7510 | Temple   | Became a worshipper of Vehumet
  7891 | D:7      | Reached skill level 11 in Conjurations
  8580 | D:7      | Identified the +8 quarterstaff of Defiance {freeze, +Blink
                  | Fly Str+2 Int+4}
  8824 | D:7      | Reached * piety under Vehumet
  8824 | D:7      | Offered knowledge of Foxfire by Vehumet.
  8838 | D:7      | Reached skill level 10 in Spellcasting
  9366 | D:8      | Reached XP level 10. HP: 24/50 MP: 16/26
 10036 | D:8      | Reached skill level 5 in Translocations
 10212 | D:8      | Reached skill level 12 in Conjurations
 10642 | D:8      | Found a staircase to the Lair.
 10646 | D:8      | Reached ** piety under Vehumet
 10769 | D:8      | Offered knowledge of Scorch by Vehumet.
 10893 | D:8      | Found an iron altar of Okawaru.
 10933 | D:8      | Found a burning altar of Makhleb.
 11441 | D:9      | Found Erareysch's Jewellery Boutique.
 12141 | D:9      | Found an ancient bone altar of Kikubaaqudgha.
 12258 | D:9      | Noticed a two-headed ogre
 12268 | D:9      | Killed a two-headed ogre
 12269 | D:9      | Reached skill level 1 in Evocations
 12504 | D:10     | Entered Level 10 of the Dungeon
 12579 | D:10     | Found Gowaiff Timu's Book Emporium.
 12613 | D:10     | Found Uhes's Armour Boutique.
 12625 | D:10     | Identified the ring "Optuogub" {Will+ MP+9}
 12715 | D:10     | Reached skill level 5 in Stealth
 13446 | D:11     | Found a staircase to the Orcish Mines.
 13452 | Orc:1    | Entered Level 1 of the Orcish Mines
 13459 | Orc:1    | Reached skill level 5 in Dodging
 13501 | Orc:1    | Noticed an orc warlord
 13509 | Orc:1    | Shot with a bolt by an orc warlord

Illustrated notes

Levels and vault maps discovered:
D:1:      kennysheep_arrival_seaside, layout_basic, basic_ecumenical_altar,
          chequers_mini_garden
D:2:      layout_rooms, serial_aquarium, aquarium_bridge_long_joined
          [aquarium_subvault_balcony, aquarium_subvault_bridge,
          aquarium_subvault_bridge, aquarium_subvault_wall,
          aquarium_subvault_wall, aquarium_subvault_window],
          aquarium_window_corner, aquarium_window_1, aquarium_view_2c,
          aquarium_balcony_1b, aquarium_pool_2, minmay_increasing_density
D:3:      layout_loops_cross, mainiacjoe_overflow_boulevard,
          amcnicky_mini_rare_corridor_liquid
D:4:      layout_cave_pods, nicolae_dithmenos_through_a_glass_darkly,
          general_overflow_altar, nicolae_overflow_squiral, serial_shops, shop,
          uniq_eustachio
D:5:      layout_rooms, overflow_temple_1_default, columned_hall_lemuel,
          kennysheep_crisscross, minmay_small_thing, uniq_pikel
D:6:      layout_gridville, kennysheep_little_box,
          minmay_temple_entry_glassed_door, serial_rivers,
          chequers_serial_rivers_micro_b, chequers_serial_rivers_micro_d,
          chequers_serial_rivers_micro_e, chequers_serial_rivers_micro_a,
          minmay_misc_feat_ornament
D:7:      layout_loops_corners, grunt_decor_arrowhead, skrybe_limestone_x,
          sigmund_army
D:8:      layout_loops_ring, lightli_temple_of_fire, okawaru_ov_weapons_minmay,
          minmay_lair_entry_grove
D:9:      layout_irregular_city, tgw_kikubaaqudgha, serial_shops,
          nicolae_stop_n_shop_2
D:10:     layout_roguey, serial_shops, shop, nicolae_wooded_promenade
D:11:     nicolae_cairo_tiling_very_big, layout_cross, orc_0_dummy,
          roderic_cross_of_infinity
Temple:   minmay_temple_bridge_abc
Orc:1:    layout_caves

Skill      XL: |  1  2  3  4  5  6  7  8  9 10 |
---------------+-------------------------------+-----
Conjurations   | 5 6 7 8 10 11 12 | 12.5
Spellcasting   | 4 5 7 8 10 11 | 11.8
Hexes          | 2 3 5 7 8 |  8.0
Translocations | 4 5 |  5.0
Stealth        | 5 |  5.3
Dodging        | 5 |  5.0
Evocations     | 2 |  2.2

Action                   |  1- 3 |  4- 6 |  7- 9 | 10-12 || total
-------------------------+-------+-------+-------+-------++-------
Melee: Dagger            |       |       |     1 |       ||     1
 Cast: Magic Dart        |    62 |    59 |    76 |    64 ||   261
       Searing Ray       |     1 |    15 |    32 |    21 ||    69
       Fulminant Prism   |       |     1 |    32 |    44 ||    77
  Use: Scroll            |     4 |     3 |     6 |     6 ||    19
       Potion            |       |     1 |       |       ||     1
Armor: Robe              |       |     5 |    12 |    10 ||    27
Dodge: Dodged            |     4 |     7 |    23 |    19 ||    53
